 Dungeon Crawl Stone Soup version 0.28.0-47-ge53b351184 (webtiles) character file.

Game seed: 10114240255802610878

951 powerkranz the Cleaver (level 7, -5/61 HPs)
             Began as a Minotaur Berserker on May 4, 2022.
             Was a Believer of Trog.
             Slain by a komodo dragon (23 damage)
             ... on level 5 of the Dungeon.
             The game lasted 00:11:07 (4212 turns).

powerkranz the Cleaver (Minotaur Berserker)         Turns: 4212, Time: 00:11:07

Health: -5/61      AC:  8    Str: 24    XL:     7   Next: 90%
Magic:  6/6        EV: 11    Int:  4    God:    Trog [**....]
Gold:   175        SH:  0    Dex:  9    Spells: 6/6 levels left

rFire   . . .      SeeInvis +   a - +1 hand axe
rCold   . . .      Faith    .   (no shield)
rNeg    . . .      Spirit   .   n - +0 scale mail
rPois   .          Reflect  .   (helmet restricted)
rElec   .          Harm     .   (no cloak)
rCorr   .          Rampage  .   l - +0 pair of gloves
Will    ++...                   (no boots)
Stlth   ..........              (no amulet)
HPRegen 1.20/turn               i - ring of see invisible
MPRegen 0.10/turn               (no ring)

@: strong-willed, on berserk cooldown, regenerating, slowed, very slow
A: horns 2, retaliatory headbutt
a: Renounce Religion, Berserk, Trog's Hand


You were on level 5 of the Dungeon.
You worshipped Trog.
Trog was pleased with you.
You visited 1 branch of the dungeon, and saw 5 of its levels.

You collected 175 gold pieces.

Inventory:

Hand Weapons
 a - a +1 hand axe (weapon)
 q - a +0 scythe
Armour
 b - a +0 animal skin
 l - a +0 pair of gloves (worn)
 n - a +0 scale mail (worn)
Jewellery
 i - a ring of see invisible (left hand)
 j - a ring of flight
Wands
 m - a wand of paralysis (7)
Scrolls
 g - 2 scrolls of enchant weapon
 h - 2 scrolls of fog
 o - a scroll of teleportation
Potions
 c - a potion of cancellation
 d - a potion of attraction {unknown}
 e - a potion of haste {unknown}
 f - a potion of flight {unknown}
 k - a potion of lignification {unknown}
 p - a potion of invisibility {unknown}


   Skills:
 - Level 5.4 Fighting
 + Level 8.5 Axes
 * Level 5.5 Armour
 - Level 3.8 Dodging
 - Level 1.1 Stealth


You had 6 spell levels left.
You didn't know any spells.
Your spell library was empty.

Dungeon Overview and Level Annotations

Branches:
Dungeon (5/15)
 Temple: D:4-7

Altars:
Elyvilon
Fedhas
Makhleb


Innate Abilities, Weirdness & Mutations

You have a pair of horns on your head.
You reflexively headbutt those who attack you in melee.


Message History

You are poisoned.
The water moccasin poisons you! The water moccasin bites you.
You hit the water moccasin.
Your headbutt misses the water moccasin.
The water moccasin is lightly wounded.
You feel very sick.
The water moccasin bites you but does no damage.
The water moccasin barely misses you.
You barely miss the water moccasin.
The water moccasin is lightly wounded.
You closely miss the komodo dragon.
You feel sick.
The water moccasin bites you but does no damage.
The komodo dragon barely misses you. The water moccasin bites you.
You slash the water moccasin! You headbutt the water moccasin!
The water moccasin is almost dead.
You hit the komodo dragon but do no damage.
You feel sick. The komodo dragon bites you!
The water moccasin bites you but does no damage.
The komodo dragon barely misses you.
Your skin crawls.
You feel strong-willed.
You feel sick.
The water moccasin bites you but does no damage.
The water moccasin bites you!
* * * LOW HITPOINT WARNING * * *
The komodo dragon closely misses you. The dart slug closely misses you.
You hit the water moccasin.
You kill the water moccasin!
Trog accepts your kill.
You hit the komodo dragon but do no damage.
You hit the dart slug but do no damage.
You feel sick. The komodo dragon barely misses you. You furiously retaliate!
You headbutt the komodo dragon, but do no damage.
The dart slug barely misses you.
You hit the komodo dragon.
The komodo dragon is lightly wounded.
You hit the dart slug.
You feel sick.
You are no longer poisoned.
The komodo dragon bites you!!
You die...

#######...........
#........#...#.#.#.#.#
..............[.......
...........<.#.#.#.#.#
....................
..>....).....#.#.#.#
.....................
......!.†....#.#.#.#.#
......l@#.##.....S....
.(....w##.####.#.#.#.
....... ..# <.....
........... #.#.
........... ..
#######..... ...


You could see a komodo dragon and a dart slug.

Vanquished Creatures
  Grinder (D:3)
  Sigmund (D:5)
  A water moccasin (D:5)
  An ogre (D:4)
  Blork the orc (D:4)
  A jelly (D:5)
  2 hounds
  An orc priest (D:3)
  Terence (D:3)
  A hound skeleton (D:4)
  3 gnolls (D:3)
  6 adders
  A worm (D:4)
  5 orcs
  8 ball pythons
  6 bats
  7 endoplasms
  13 giant cockroaches
  A goblin (D:2)
  6 hobgoblins
  13 jackals
  6 quokkas
  5 frilled lizards
  5 kobolds
  5 rats
101 creatures vanquished.

Vanquished Creatures (others)
  12 plants (D:3)
12 creatures vanquished.

Grand Total: 113 creatures vanquished

Notes
Turn   | Place    | Note
-------+----------+-------------------------------------------
     0 | D:1      | powerkranz the Minotaur Berserker began the quest for the
                  | Orb.
     0 | D:1      | Reached XP level 1. HP: 19/19 MP: 0/0
   264 | D:1      | Reached XP level 2. HP: 27/27 MP: 1/1
   290 | D:1      | Found a faded altar of an unknown god.
   441 | D:1      | Reached skill level 4 in Axes
   704 | D:1      | Reached ** piety under Trog
   780 | D:1      | You fall into a shaft and drop 1 floor!
   894 | D:2      | Reached XP level 3. HP: 30/33 MP: 2/2
  1100 | D:2      | Found a burning altar of Makhleb.
  1381 | D:2      | Reached XP level 4. HP: 41/41 MP: 3/3
  1569 | D:3      | Noticed Grinder
  1582 | D:3      | Killed Grinder
  1583 | D:3      | Reached skill level 5 in Fighting
  1583 | D:3      | Reached skill level 5 in Axes
  1583 | D:3      | Reached XP level 5. HP: 48/48 MP: 4/4
  1699 | D:3      | Reached skill level 6 in Axes
  1699 | D:3      | Reached XP level 6. HP: 56/56 MP: 5/5
  1758 | D:3      | Noticed Terence
  1769 | D:3      | Killed Terence
  1770 | D:3      | Reached skill level 1 in Stealth
  2694 | D:3      | Found a blossoming altar of Fedhas.
  3162 | D:4      | Found a white marble altar of Elyvilon.
  3237 | D:4      | Noticed Blork the orc
  3245 | D:4      | Killed Blork the orc
  3246 | D:4      | Reached skill level 7 in Axes
  3253 | D:4      | Reached XP level 7. HP: 11/61 MP: 6/6
  3636 | D:4      | Reached *** piety under Trog
  4160 | D:5      | Entered Level 5 of the Dungeon
  4167 | D:5      | Noticed Sigmund
  4184 | D:5      | Killed Sigmund
  4185 | D:5      | Reached skill level 8 in Axes
  4185 | D:5      | Reached skill level 5 in Armour
  4204 | D:5      | Noticed a komodo dragon
  4212 | D:5      | Slain by a komodo dragon

Illustrated notes

Levels and vault maps discovered:
D:1:      lightli_arrival_noodles, layout_basic,
          ebering_ecumenical_altar_abandoned, interstate_on_off
D:2:      layout_basic, basic_altar
D:3:      minmay_roachtagon, layout_basic, mainiacjoe_overflow_24_doors,
          minmay_splitting_lines, nicolae_grassy_gnolls, uniq_terence,
          uniq_grinder
D:4:      layout_basic, elyvilon_altar_1, uniq_blork_the_orc
D:5:      layout_rooms, nicolae_overflow_hidden_temple, serial_shops,
          kennysheep_mini, nicolae_sextant, st_stairs_11,
          amcnicky_mini_pool_small, hangedman_decor_peaks_small,
          uniq_crazy_yiuf_cottage, uniq_duvessa, uniq_sigmund

Skill      XL: |  1  2  3  4  5  6  7 |
---------------+----------------------+-----
Fighting       | 4 5 |  5.4
Axes           | 4 5 6 7 8 |  8.5
Armour         | 3 5 |  5.5
Dodging        | 3 |  3.8
Stealth        | 1 |  1.1

Action                   |  1- 3 |  4- 6 |  7- 9 || total
-------------------------+-------+-------+-------++-------
Melee: Hand axe          |    73 |   120 |    44 ||   237
       Headbutt          |    10 |    22 |     8 ||    40
       Punch             |       |     2 |       ||     2
Invok: Berserk           |       |     2 |     1 ||     3
       Trog's Hand       |       |     1 |     2 ||     3
  Use: Scroll            |       |     7 |     3 ||    10
 Stab: Sleeping          |     1 |     1 |       ||     2
Armor: Animal skin       |    12 |     2 |       ||    14
       Scale mail        |       |    20 |    20 ||    40
Dodge: Dodged            |    42 |    60 |    25 ||   127
